 Dungeon Crawl Stone Soup version 0.20.1-1-g8b1a95d (webtiles) character file.

9384 vineage the Cleaver (level 11, -16/97 HPs)
             Began as a Minotaur Berserker on July 29, 2017.
             Was an Elder of Trog.
             Demolished by a white ugly thing (35 damage)
             ... on level 11 of the Dungeon.
             The game lasted 00:27:36 (9279 turns).

vineage the Cleaver (Minotaur Berserker)            Turns: 9279, Time: 00:27:37

Health: -16/97     AC: 18    Str: 29    XL:     11   Next: 22%
Magic:  3/3        EV: 11    Int:  5    God:    Trog [****..]
Gold:   617        SH:  0    Dex: 11    Spells: 10/10 levels left

rFire    + . .     SeeInvis +   i - +3 falchion of the Neverending Orbs {antimagic, Int+2}
rCold    . . .     Gourm    .   (no shield)
rNeg     + . .     Faith    .   s - +3 chain mail {MR+}
rPois    +         Spirit   .   (helmet restricted)
rElec    .         Reflect  .   Q - +2 ratskin cloak {+Rats rPois rN+ Str-1 Int-1 Dex+1}
rCorr    .         Harm     .   (no gloves)
MR       +....                  (no boots)
Stlth    ..........             d - amulet of regeneration
Regen    0.7/turn               h - ring of stealth
MPRegen  0.1/turn               U - ring of protection from fire

@: mighty
A: retaliatory headbutt, horns 2, see invisible, blink, MP-powered wands
a: Blink, Berserk, Trog's Hand, Brothers in Arms, Burn Spellbooks, Renounce
Religion, Evoke Ratskin


You were on level 11 of the Dungeon.
You worshipped Trog.
Trog was greatly pleased with you.
You were not hungry.

You visited 1 branch of the dungeon, and saw 11 of its levels.

You collected 617 gold pieces.

Inventory:

Hand Weapons
 i - the +3 falchion of the Neverending Orbs (weapon) {antimagic, Int+2}
   (You found it on level 10 of the Dungeon)

   It reduces the magical energy of the wielder, and disrupts the spells and
   magical abilities of those hit.
   Natural abilities and divine invocations are not affected.
   It affects your intelligence (+2).
 j - a +5 hand axe of distortion
 u - a +2 quarterstaff of protection
 D - a +1 whip of electrocution
 R - a +3 war axe
 T - a +2 glaive of chopping
 X - a +0 falchion of holy wrath
Armour
 f - a +1 leather armour of poison resistance
 s - a +3 chain mail of magic resistance (worn)
 Q - the +2 ratskin cloak (worn) {+Rats rPois rN+ Str-1 Int-1 Dex+1}
   (You found it on level 9 of the Dungeon)

   It affects your strength (-1).
   It affects your intelligence (-1).
   It affects your dexterity (+1).
   It protects you from poison.
   It protects you from negative energy.
Jewellery
 b - an uncursed ring of ice
 d - an amulet of regeneration (around neck)
 h - a ring of stealth (left hand)
 k - an uncursed amulet of faith
 U - a ring of protection from fire (right hand)
Wands
 l - a wand of polymorph (12/24)
 q - a wand of lightning (4/15)
 r - a wand of flame (21/48)
 w - a wand of polymorph (12/24)
 H - a wand of flame (28/48)
 L - a wand of random effects (31/48)
 M - a wand of flame (15/48)
 P - a wand of lightning (4/15)
 S - a wand of disintegration (11/24)
 W - a wand of random effects (27/48)
Scrolls
 g - 7 scrolls of remove curse
 v - 3 scrolls of teleportation
 x - a scroll of enchant weapon
 y - 2 scrolls of enchant armour
 A - 2 scrolls of magic mapping
 J - a scroll of recharging
 O - 2 scrolls of fear
Potions
 e - 2 potions of curing
 n - 3 potions of agility
 p - 3 potions of lignification
 t - 5 potions of degeneration
 z - a potion of cancellation
 F - a potion of brilliance
Books
 a - a book of Flames

   Spells                             Type                      Level
   a - Flame Tongue                   Conjuration/Fire             1
   b - Throw Flame                    Conjuration/Fire             2
   c - Conjure Flame                  Conjuration/Fire             3
   d - Inner Flame                    Hexes/Fire                   3
   e - Sticky Flame                   Conjuration/Fire             4
   f - Fireball                       Conjuration/Fire             5
   Trog disapproves of the use of such an item.
 B - a book of Necromancy

   Spells                             Type                      Level
   a - Pain                           Necromancy                   1
   b - Animate Skeleton               Necromancy                   1
   c - Vampiric Draining              Necromancy                   3
   d - Regeneration                   Charms/Necromancy            3
   e - Animate Dead                   Necromancy                   4
   f - Control Undead                 Necromancy                   4
   Trog disapproves of the use of such an item.
 I - a book of Necromancy

   Spells                             Type                      Level
   a - Pain                           Necromancy                   1
   b - Animate Skeleton               Necromancy                   1
   c - Vampiric Draining              Necromancy                   3
   d - Regeneration                   Charms/Necromancy            3
   e - Animate Dead                   Necromancy                   4
   f - Control Undead                 Necromancy                   4
   Trog disapproves of the use of such an item.
 N - a book of Maledictions

   Spells                             Type                      Level
   a - Corona                         Hexes                        1
   b - Ensorcelled Hibernation        Hexes/Ice                    2
   c - Confuse                        Hexes                        3
   d - Tukima's Dance                 Hexes                        3
   e - Dazzling Spray                 Conjuration/Hexes            3
   Trog disapproves of the use of such an item.
Comestibles
 c - 5 bread rations
 m - 3 royal jellies
 K - 23 fruits
 V - 2 meat rations


   Skills:
 + Level 9.4 Fighting
   Level 3.1 Short Blades
 + Level 13.4(13.8) Axes
 + Level 5.7(10.5) Polearms
 + Level 10.0 Armour
 + Level 5.3 Dodging
 + Level 3.1 Stealth


You had 10 spell levels left.
You didn't know any spells.

Dungeon Overview and Level Annotations

Branches:
Dungeon (11/15)            Temple (0/1) D:7            Lair (0/6) D:10
    Orc (0/2) D:10

Altars:
Ashenzari
Cheibriados
Dithmenos
Fedhas
Gozag
Hepliaklqana
Kikubaaqudgha
Makhleb
Okawaru
Qazlal
Ru
Trog
Vehumet
Xom
Yredelemnul

Shops:
D:6 :

Portals:
Sewer: D:4

Annotations:
D:8 Maurice
D:9 CitizenNev's ghost, journeyman MiFi
Abyss:1 Erica


Innate Abilities, Weirdness & Mutations

You reflexively headbutt those who attack you in melee.
You have a pair of horns on your head.
You have supernaturally acute eyesight. (SInv)
You can translocate small distances at will.
You expend magic power (3 MP) to strengthen your wands.


Message History

The white ugly thing is heavily wounded.
The white ugly thing punches you but does no damage.
You barely miss the white ugly thing. You headbutt the white ugly thing.
The white ugly thing is severely wounded.
The white ugly thing barely misses you.
You hit the white ugly thing but do no damage.
The white ugly thing is severely wounded.
The white ugly thing punches you but does no damage.
The white ugly thing punches you! The white ugly thing freezes you!!
* * * LOW HITPOINT WARNING * * *
You feel much better. The white ugly thing punches you!
The white ugly thing freezes you!!
* * * LOW HITPOINT WARNING * * *
You feel better.
The white ugly thing closely misses you.
You feel very mighty all of a sudden. The white ugly thing punches you.
* * * LOW HITPOINT WARNING * * *
The white ugly thing freezes you!!
You die...

###############
..............#
..............#
#.# #u# #@# #.#
#.# #.# #.#
..########.#
...........#
.......<...#
...........#####.


You could see a white ugly thing.

Vanquished Creatures
  2 two-headed ogres
  An unseen horror (D:10)
  A phantasmal warrior (D:10)
  An orc knight (D:10)
  A centaur skeleton (D:10)
  Grinder (D:6)
  Prince Ribbit (D:8)
  2 hippogriffs
  Edmund (D:4)
  4 orc warriors
  An ice beast (D:5)
  A sky beast (D:6)
  A phantom (D:6)
  2 black bears (D:10)
  A centaur (D:10)
  2 necrophages
  4 ogres
  3 big kobolds
  4 bullfrogs
  A gnoll sergeant (D:7)
  14 scorpions
  A howler monkey (D:10)
  3 crimson imps
  2 centaur zombies
  A jelly (D:5)
  A quasit (D:9)
  An orc priest (D:9)
  7 hounds
  A bullfrog skeleton (D:6)
  7 iguanas
  10 orc wizards
  Natasha (thrice) (D:3)
  A worker ant (shapeshifter) (D:10)
  5 worker ants
  Terence (D:3)
  2 hound zombies
  A hound skeleton (D:7)
  A worker ant zombie (D:9)
  Robin (D:3)
  8 adders
  8 gnolls
  A howler monkey skeleton (D:8)
  A shadow imp (D:5)
  A white imp (D:8)
  An ooze (D:4)
  An adder zombie (D:9)
  A worm (D:2)
  2 dart slugs (D:1)
  6 leopard geckos
  43 orcs
  4 ball pythons
  17 bats
  18 giant cockroaches
  10 hobgoblins
  10 jackals
  23 kobolds
  10 quokkas
  4 frilled lizards
  14 goblins
  A leopard gecko skeleton (D:7)
  2 quokka skeletons (D:4)
  7 rats
  A plant (D:10)
292 creatures vanquished.

Vanquished Creatures (others)
  An orc knight (D:10)
  A centaur skeleton (D:10)
  A phantom (D:4)
  An orc warrior (D:7)
  A necrophage (D:9)
  A centaur (D:10)
  A scorpion (D:6)
  An orc wizard (D:5)
  An iguana (D:5)
  2 adders (D:6)
  A jackal (D:4)
  A bush (D:10)
  2 plants
15 creatures vanquished.

Grand Total: 307 creatures vanquished

Notes
Turn   | Place    | Note
-------+----------+-------------------------------------------
     0 | D:1      | vineage the Minotaur Berserker began the quest for the Orb.
     0 | D:1      | Reached XP level 1. HP: 19/19 MP: 0/0
   326 | D:1      | Reached XP level 2. HP: 15/27 MP: 1/1
   825 | D:1      | Reached ** piety under Trog
   843 | D:1      | Reached XP level 3. HP: 3/33 MP: 2/2
  1510 | D:2      | Found a blossoming altar of Fedhas.
  1910 | D:2      | Reached XP level 4. HP: 39/40 MP: 3/3
  2295 | D:3      | Reached skill level 1 in Stealth
  2297 | D:3      | Noticed Natasha
  2308 | D:3      | Killed Natasha
  2308 | D:3      | Reached *** piety under Trog
  2308 | D:3      | Reached skill level 5 in Polearms
  2378 | D:3      | Noticed Natasha
  2383 | D:3      | Killed Natasha
  2383 | D:3      | Reached XP level 5. HP: 10/47 MP: 4/4
  2791 | D:3      | Noticed Robin
  2808 | D:3      | Killed Robin
  3359 | D:3      | Noticed Terence
  3364 | D:3      | Noticed Natasha
  3365 | D:3      | Killed Natasha
  3587 | D:3      | Killed Terence
  3587 | D:3      | Reached skill level 1 in Short Blades
  3587 | D:3      | Reached XP level 6. HP: 41/53 MP: 5/5
  3891 | D:4      | Found a shadowy altar of Dithmenos.
  3938 | D:4      | Noticed Edmund
  3988 | D:4      | Reached skill level 5 in Fighting
  3988 | D:4      | Reached skill level 1 in Axes
  3988 | D:4      | Reached XP level 7. HP: 49/61 MP: 6/6
  4020 | D:4      | Found a glowing drain.
  4196 | D:4      | Reached skill level 2 in Axes
  4264 | D:4      | Killed Edmund
  4264 | D:4      | Reached skill level 3 in Axes
  4405 | D:5      | Entered Level 5 of the Dungeon
  4418 | D:5      | Reached skill level 4 in Axes
  4455 | D:5      | Reached **** piety under Trog
  4763 | D:5      | Reached XP level 8. HP: 70/70 MP: 7/7
  4811 | D:5      | Reached skill level 5 in Axes
  4959 | D:6      | Reached skill level 6 in Axes
  4968 | D:6      | Noticed Grinder
  4978 | D:6      | Killed Grinder
  4980 | D:6      | Found Fyuskues's Book Shoppe.
  4998 | D:6      | Reached skill level 7 in Axes
  5284 | D:6      | Reached skill level 5 in Armour
  5291 | D:6      | Reached skill level 8 in Axes
  5399 | D:6      | Reached XP level 9. HP: 79/79 MP: 8/8
  5426 | D:6      | Found a sacrificial altar of Ru.
  5849 | D:7      | Reached skill level 9 in Axes
  5862 | D:7      | Found a hazy altar of Hepliaklqana.
  5930 | D:7      | Reached ***** piety under Trog
  6021 | D:7      | Found a shimmering altar of Xom.
  6021 | D:7      | Found a bloodstained altar of Trog.
  6146 | D:7      | Found a staircase to the Ecumenical Temple.
  6387 | D:8      | Noticed a two-headed ogre
  6481 | D:8      | Found a basalt altar of Yredelemnul.
  6483 | D:8      | Found a radiant altar of Vehumet.
  6483 | D:8      | Found an opulent altar of Gozag.
  6483 | D:8      | Found a stormy altar of Qazlal.
  6484 | D:8      | Found a snail-covered altar of Cheibriados.
  6484 | D:8      | Found an ancient bone altar of Kikubaaqudgha.
  6520 | D:8      | Noticed Maurice
  6607 | D:8      | Noticed Prince Ribbit
  6614 | D:8      | Noticed Erica
  6615 | D:8      | Reached skill level 10 in Axes
  6617 | D:8      | Killed Prince Ribbit
  6646 | D:8      | Banished Erica
  6646 | D:8      | Reached skill level 11 in Axes
  6752 | D:8      | Killed a two-headed ogre
  6752 | D:8      | Reached XP level 10. HP: 18/88 MP: 9/9
  7370 | D:8      | Received a gift from Trog
  7535 | D:9      | Found a burning altar of Makhleb.
  7537 | D:9      | Found an iron altar of Okawaru.
  7606 | D:9      | Noticed CitizenNev's ghost (journeyman MiFi)
  7715 | D:9      | Noticed a two-headed ogre
  7723 | D:9      | Killed a two-headed ogre
  7723 | D:9      | Reached skill level 12 in Axes
  7742 | D:9      | Found a shattered altar of Ashenzari.
  7790 | D:9      | Received a gift from Trog
  8154 | D:10     | Entered Level 10 of the Dungeon
  8260 | D:10     | Found a staircase to the Lair.
  8456 | D:10     | Reached skill level 5 in Dodging
  8575 | D:10     | Noticed an orc knight
  8586 | D:10     | Killed an orc knight
  8668 | D:10     | Found a staircase to the Orcish Mines.
  8749 | D:10     | Noticed an orc knight
  8751 | D:10     | Noticed a phantasmal warrior
  8751 | D:10     | Banished an orc knight
  8781 | D:10     | Reached XP level 11. HP: 87/97 MP: 10/10
  8825 | D:10     | Reached skill level 13 in Axes
  8841 | D:10     | Killed a phantasmal warrior
  9049 | D:10     | Got a warped falchion
  9116 | D:10     | Identified the cursed +3 falchion of the Neverending Orbs {antimagic, Int+2} (You found it on level 10 of the Dungeon)
  9133 | D:10     | Gained mutation: You expend magic power (3 MP) to strengthen your wands. [potion of mutation]
  9133 | D:10     | Gained mutation: You have supernaturally acute eyesight. (SInv) [potion of mutation]
  9133 | D:10     | Gained mutation: You can translocate small distances at will. [potion of mutation]
  9185 | D:10     | Noticed an unseen horror
  9198 | D:10     | Killed an unseen horror
  9198 | D:10     | Reached skill level 10 in Armour
  9259 | D:11     | Noticed a white ugly thing
  9279 | D:11     | Demolished by a white ugly thing

Skill      XL: |  1  2  3  4  5  6  7  8  9 10 11 |
---------------+----------------------------------+-----
Polearms       | 4 5 |  5.7
Fighting       | 4 5 7 8 9 |  9.4
Stealth        | 1 2 3 |  3.1
Dodging        | 3 4 5 |  5.3
Short Blades   | 1 2 3 |  3.1
Axes           | 1 4 8 11 12 13 | 13.4
Armour         | 3 5 7 9 10 | 10.0

Action                   |  1- 3 |  4- 6 |  7- 9 | 10-12 || total
-------------------------+-------+-------+-------+-------++-------
Melee: Spear             |   112 |    63 |       |       ||   175
       Headbutt          |    14 |    18 |    58 |    51 ||   141
       Short sword       |       |    50 |       |       ||    50
       Hand axe          |       |    23 |   284 |   229 ||   536
       Falchion          |       |       |       |    18 ||    18
Invok: Trog's Hand       |       |     1 |       |       ||     1
       Berserk           |       |       |     2 |       ||     2
  Use: Scroll            |     5 |     2 |     9 |     8 ||    24
       Potion            |     1 |     5 |       |     7 ||    13
 Stab: Sleeping          |     3 |     7 |       |       ||    10
       Distracted        |       |     1 |       |       ||     1
  Eat: Bread ration      |     1 |     1 |     1 |       ||     3
       Fruit             |     1 |       |       |     1 ||     2
       Chunk             |       |       |     5 |       ||     5
       Meat ration       |       |       |     1 |     1 ||     2
Armor: Animal skin       |    14 |     6 |       |       ||    20
       Leather armour    |       |     9 |     4 |       ||    13
       Chain mail        |       |       |    76 |   106 ||   182
Dodge: Dodged            |    41 |    68 |   107 |   102 ||   318
       Rpst.: Falchion   |       |       |       |     4 ||     4
